 Dungeon Crawl Stone Soup version 0.19.1 (webtiles) character file.

760 Haldmier the Slasher (level 7, 0/45 HPs)
             Began as a High Elf Skald on Dec 11, 2016.
             Succumbed to an orc wizard's poison
             ... on level 4 of the Dungeon on Dec 12, 2016.
             The game lasted 00:28:14 (6802 turns).

Haldmier the Slasher (High Elf Skald)               Turns: 6802, Time: 00:28:15

Health: 0/45       AC:  5    Str: 12    XL:     7   Next: 50%
Magic:  10/20      EV: 11    Int: 15    God:
Gold:   170        SH:  8    Dex: 22    Spells: 4 memorised, 1 level left

rFire  . . .     SeeInvis .     q - +4 falchion
rCold  . . .     Gourm    .     b - +0 leather armour
rNeg   . . .     Faith    .     t - +2 buckler
rPois  .         Spirit   .     m - +0 helmet
rElec  .         Reflect  .     j - +0 cloak
rCorr  .         Harm     .     (no gloves)
MR     .....                    (no boots)
Stlth  ++........               (no amulet)
                                p - +5 ring of dexterity
                                y - ring of magical power

@: lethally poisoned (0 -> -3), very slightly contaminated
A: no striking features
a: no special abilities


You were on level 4 of the Dungeon.
You were hungry.

You visited 1 branch of the dungeon, and saw 4 of its levels.
You also visited: Ossuary.

You collected 170 gold pieces.

Inventory:

Hand Weapons
 q - a +4 falchion (weapon)
 C - a +0 scimitar
Missiles
 h - 144 stones (quivered)
 n - 37 sling bullets
 u - 6 tomahawks
Armour
 b - a +0 leather armour (worn)
 j - a +0 cloak (worn)
 m - a +0 helmet (worn)
 s - a +0 ring mail
 t - a +2 buckler (worn)
Jewellery
 e - an uncursed ring of flight
 p - a +5 ring of dexterity (right hand)
 y - a ring of magical power (left hand)
Wands
 x - a wand of confusion (15/48)
 G - a wand of teleportation (3/9)
 H - a wand of teleportation (1/9)
Scrolls
 f - a scroll of identify
 k - a scroll of enchant weapon {unknown}
 l - 3 scrolls of remove curse {unknown}
 r - 6 scrolls of amnesia {unknown}
 v - a scroll of recharging {unknown}
 w - a scroll of magic mapping {unknown}
 z - a scroll of teleportation {unknown}
 I - a scroll of fog {unknown}
Potions
 i - 2 potions of curing
 o - 2 potions of heal wounds
 A - a potion of cure mutation
 D - a potion of lignification
 E - a potion of haste
 F - a potion of cancellation
Books
 c - a book of Battle

   Spells                             Type                      Level
   a - Infusion                       Charms                       1
   b - Shroud of Golubria             Charms/Translocation         2
   c - Song of Slaying                Charms                       2
   d - Spectral Weapon                Hexes/Charms                 3
   e - Regeneration                   Charms/Necromancy            3
Comestibles
 d - a bread ration
 g - 5 meat rations
 B - 10 fruits


   Skills:
 - Level 2.0 Fighting
 + Level 6.3 Long Blades
 - Level 0.8 Armour
 - Level 1.1 Dodging
 + Level 3.1 Shields
 - Level 2.4 Spellcasting
 + Level 3.7 Hexes
 - Level 3.6 Charms
 + Level 0.5 Necromancy
 - Level 4.0 Translocations


You had one spell level left.
You knew the following spells:

 Your Spells              Type           Power        Failure   Level  Hunger
a - Infusion              Chrm           ##..         10%         1    #......
b - Shroud of Golubria    Chrm/Tloc      ##........   12%         2    ###....
c - Spectral Weapon       Hex/Chrm       ##......     24%         3    ###....
d - Regeneration          Chrm/Necr      #.........   41%         3    ###....


Dungeon Overview and Level Annotations

Branches:
Dungeon (4/15)
 Temple: D:4-7

Altars:
Hepliaklqana

Shops:
D:4 [

Annotations:
D:4 Philosophy's ghost, amateur FoFi


Message History

Philosophy's ghost hits your spectral weapon!
Your spectral weapon shares its damage with you!
* * * LOW HITPOINT WARNING * * *
You take 6 damage, and have 8/45 hp.
You feel sick.
You take 1 damage, and have 7/45 hp.
You feel sick.
You take 1 damage, and have 6/45 hp.
You feel sick.
The orc wizard gestures wildly while chanting.
The orc wizard blinks!
You feel sick. The orc wizard closely misses you.
You riposte.
You hit the orc wizard but do no damage.
The orc wizard is almost dead.
You take 1 damage, and have 5/45 hp.
The orc wizard points at you and mumbles some strange words.
The magic dart hits you!
* * * LOW HITPOINT WARNING * * *
You take 4 damage, and have 1/45 hp.
You die...

#. ##. ####### ..######
#.(...# . . ##.#....#
#.....# ...... .....#.#
#.....#
.....####...#.###o....##
#+#....@.(W.....).......
#.#..##.#...#.###.....##
#.#$.....o......).......
#h#...###...#(###.....##
#.....#######)# ######..
##..8o.o.ยง(.).# #..
####....o######## #..
#...8...8# #..
#........# #####


You could see Philosophy's ghost and a friendly spectral enchanted falchion.

Vanquished Creatures
  2 wraiths (Ossuary)
  3 wights (Ossuary)
  A hound (D:4)
  An orc priest (D:4)
  An iguana (D:4)
  A worker ant (D:4)
  A hound skeleton (D:4)
  3 gnolls
  4 adders
  2 oozes
  An adder zombie (Ossuary)
  5 worms
  2 dart slugs
  2 leopard geckos
  10 orcs
  5 giant cockroaches
  12 goblins
  8 hobgoblins
  7 jackals
  A quokka (D:3)
  A ball python skeleton (Ossuary)
  11 bats
  3 frilled lizards
  A hobgoblin skeleton (Ossuary)
  8 kobolds
  2 kobold zombies (Ossuary)
  An orc skeleton (Ossuary)
  2 orc zombies (Ossuary)
  9 rats
110 creatures vanquished.

Notes
Turn   | Place    | Note
-------+----------+-------------------------------------------
     0 | D:1      | Haldmier the High Elf Skald began the quest for the Orb.
     0 | D:1      | Reached XP level 1. HP: 14/14 MP: 4/4
   460 | D:1      | Reached skill level 3 in Long Blades
   466 | D:1      | Reached XP level 2. HP: 9/19 MP: 1/6
   635 | D:1      | Learned a level 2 spell: Shroud of Golubria
  1277 | D:1      | Reached skill level 1 in Translocations
  1323 | D:1      | Reached XP level 3. HP: 21/24 MP: 2/7
  1488 | D:2      | Reached skill level 4 in Long Blades
  1554 | D:2      | Learned a level 3 spell: Spectral Weapon
  1572 | D:2      | Found a faded altar of an unknown god.
  2282 | D:2      | Reached skill level 1 in Hexes
  2402 | D:2      | Reached XP level 4. HP: 29/29 MP: 8/8
  3905 | D:3      | Found a hazy altar of Hepliaklqana.
  3932 | D:3      | Reached skill level 1 in Shields
  4051 | D:3      | Reached XP level 5. HP: 34/34 MP: 9/9
  5048 | D:4      | Found a sand-covered staircase.
  5051 | D:4      | Found Kioruyc's Antique Armour Shoppe.
  5057 | Ossuary  | Entered an ossuary
  5266 | Ossuary  | Reached skill level 5 in Long Blades
  5539 | Ossuary  | Noticed a wraith
  5539 | Ossuary  | Noticed a flying skull
  5556 | Ossuary  | Noticed a wraith
  5577 | Ossuary  | Killed a wraith
  5577 | Ossuary  | Reached XP level 6. HP: 9/39 MP: 10/10
  5799 | Ossuary  | Noticed a flying skull
  5826 | Ossuary  | Noticed a flying skull
  5864 | Ossuary  | Noticed a wraith
  5878 | Ossuary  | Killed a wraith
  5878 | Ossuary  | Reached XP level 7. HP: 17/45 MP: 2/11
  6237 | D:4      | Learned a level 3 spell: Regeneration
  6390 | D:4      | Reached skill level 6 in Long Blades
  6782 | D:4      | Noticed Philosophy's ghost (amateur FoFi)
  6801 | D:4      | HP: 1/45 [orc wizard/magic dart (4)]
  6802 | D:4      | Succumbed to an orc wizard's poison

Skill      XL: |  1  2  3  4  5  6  7 |
---------------+----------------------+-----
Long Blades    | 3 4 5 6 |  6.3
Translocations | 1 2 3 4 |  4.0
Hexes          | 1 3 |  3.7
Shields        | 1 2 3 |  3.1
Fighting       | |  2.0
Armour         | |  0.8
Dodging        | |  1.1
Spellcasting   | |  2.4
Charms         | |  3.6
Necromancy     | |  0.5

Action                   |  1- 3 |  4- 6 |  7- 9 || total
-------------------------+-------+-------+-------++-------
Melee: Falchion          |   130 |   233 |    51 ||   414
 Cast: Infusion          |    22 |    18 |     3 ||    43
       Shroud of Golubri |     5 |    27 |    10 ||    42
       Spectral Weapon   |       |     7 |     5 ||    12
Evoke: Wand              |       |       |     1 ||     1
  Use: Scroll            |       |     5 |     4 ||     9
       Potion            |       |     1 |       ||     1
 Stab: Sleeping          |       |     1 |       ||     1
       Distracted        |       |     1 |       ||     1
  Eat: Chunk             |     5 |    11 |     3 ||    19
       Royal jelly       |       |     1 |       ||     1
       Pizza             |       |     1 |     1 ||     2
Armor: Leather armour    |    32 |    40 |    16 ||    88
Dodge: Dodged            |    61 |    96 |    21 ||   178
Block: Buckler           |     8 |    65 |    14 ||    87
       Rpst.: Falchion   |    22 |    35 |     7 ||    64
